Workbook
Name Base: "Settings!$D$21"
Name Base_Salary_Current: Settings!$D$24
Name COLA: "Settings!$C$16"
Name COLA_Factor: Settings!$C$19
Name COLA_Percent: Settings!$C$18
Name Education: '3 Track Record, Exp, Edn, Size'!$I$27
Name Experience: Settings!$D$37
Name Experience_Rate_Current: Settings!$D$37
Name Housing_Factor_Current: Settings!#REF!
Name HousingAdjustment: '2 Housing Adjustment'!$E$13
Name Lead_1200_Premium: Settings!$C$71
Name Merit_Max_Current: Settings!$D$62
Name SalaryGuide_ChurchSizeList: Settings!$F$28:$F$33
Name SalaryGuide_EducationList: Settings!$F$55:$F$58
Name SalaryGuide_ExperienceList: Settings!$E$41:$E$51
Name SalaryGuide_HousingList: Settings!$B$76:$B$106
Name Salcomponents: #REF!
Name Size: '3 Track Record, Exp, Edn, Size'!$L$17
Name TrackRec: '3 Track Record, Exp, Edn, Size'!$C$26

Sheet Salary Summary
B2: FEB Central Salary Guide
B3: Published October 2026
B5: Salary Summary
B6: To Start: Choose the appropriate options from the green dropdown cells below in order to calculate a suggested salary.
B7: Each calculation starts with a Base Amount and then considers geography, church size, experience, education in order to provide a salary band or range.
B8: The resulting salary range can be used as a guideline for determining an appropriate salary.
B11: Salary Calculation
B13: Base Amount | F13: =Base_Salary_Current -> 59757
B14: Housing Adjustment | E14: Cambridge & KW | F14: =IFERROR(_xlfn.XLOOKUP(E14,tblHousing_New[Community],tblHousing_New[Current Year],"",0),0) -> 16374
B15: Church Size Adjustment | E15: Church Size 100-200 | F15: =IFERROR(_xlfn.XLOOKUP(E15,tblChurchSize_New[Display Label],tblChurchSize_New[Current Year],"",0),0) -> 3296
B16: Experience (including at previous churches) | E16: 8 years of experience | F16: =IFERROR(_xlfn.XLOOKUP(E16,tblExperience_New[Display Label],tblExperience_New[Current Year],"",0),0) -> 7659.52
B17: Education (Theological) | E17: Masters | F17: =IFERROR(_xlfn.XLOOKUP(E17,tblEducation_New[Display Label],tblEducation_New[Current Year],"",0),0) -> 2977
B19: Salary Range
B21: Lead Pastor | C21: =IF(F15<Settings!D33, SUM(F13:F18), SUM(F13:F18)*Settings!$C$71) -> 90063.52 | D21: to | E21: =C21+Settings!$D$62 -> 98038.432
B22: Senior Associate | C22: =SUM(F$13:F$18)*Settings!C67 -> 83759.074 | D22: to | E22: =C22+Settings!$D$62 -> 91733.986
B23: Middle Associate | C23: =SUM(F$13:F$18)*Settings!C68 -> 76553.992 | D23: to | E23: =C23+Settings!$D$62 -> 84528.904
B24: Junior Associate | C24: =IF(F15=Settings!D33,((SUM(F13:F18)-(Settings!D33-Settings!D31))*Settings!C69),IF(F15=Settings!D32,((SUM(F13:F18)-(Settings!D32-Settings!D31))*Settings!C69),((SUM(F13:F18)))*Settings!C69)) -> 70249.546 | D24: to | E24: =C24+Settings!$D$62 -> 78224.458
B25: Pre-Associate | C25: =IF(F15=Settings!D33,((SUM(F13:F18)-(Settings!D33-Settings!D31))*Settings!C70),IF(F15=Settings!D32,((SUM(F13:F18)-(Settings!D32-Settings!D31))*Settings!C70),((SUM(F13:F18)))*Settings!C70)) -> 63044.464 | D25: to | E25: =C25+Settings!$D$62 -> 71019.376
D26: Plus Recommended Benefits
B28: Recommended Benefits
B30: Recommended Benefits (in addition to salary)
B31: • RRSP: Church Contributes 5% of Salary
B32: • Health: Church Covers Fellowship Health Plan
B33: • Personal Development: Associate Ministry Staff - 2-3% of salary
B34: Lead Pastors - 3-4% of salary
B35: (includes items like conferences, books, higher education, subscriptions)
B36: • Holidays: 3-5 weeks annually
B37: • Study Leave: One week annually
B38: • Moving Allowance: One time moving costs covered
B39: • The indexed Salary Range or Band gives churches the opportunity to reward quality work while keeping the range aligned with inflation. A church may start a staff member somewhere in the middle of the range (giving credit for past merit) and move them higher after a strong year and/or for added responsibility. A new staff member to ministry might start at the bottom of the range.
B43: • Categories of Ministry Staff
... B73: Please contact FEB Central if you have further questions. Your feedback is welcome.
B74: =HYPERLINK("mailto:churchvitality@febcentral.ca?subject=Staff Salary Guide", "Click here to email FEB Central Church Vitality") -> Click here to email FEB Central Church Vitality

Sheet 2 Housing Adjustment
B2: FEB CENTRAL
B3: LEAD PASTOR and ASSOCIATE STAFF SALARY GUIDE
B4: Housing Adjustment, Selected Communities
B7: Based on an average 3br Townhouse or House up to 1800 sq ft
B8: Housing adjustments are fixed base values adjusted annually by COLA (inflation).
B10: To determine the housing adjustment, locate the city closest to your location.
B11: Contact FEB Central if your community is not listed.
B13: Enter Amount Here: | E13: 28243
B49: Notes
B50: a) Housing Costs are based on an average 3-bedroom townhouse or house
B51: b) Monthly Carrying Costs are based approximately on 10% down, 4.40% mortgage rate, 25 year amortization plus utilities ($400) and taxes ($425)
B52: c) All amounts are estimates based on a survey of listings on zoocasa.ca. You can consult this site for the latest prices in your area.
B53: d) Actual amounts for suitable homes will vary.
B54: e) Please contact FEB Central if you think the estimates are not accurate for your area.
B57: Selling prices researched through Zoocasa.ca | H57: Rounding to $25,000 | J57: House Carrying Costs
B58: Community | C58: 2025 | D58: 2024 | E58: 2023 | F58: 2022 | H58: 2024 Adj House Price | I58: 2025 Adj House Price | J58: Monthly | K58: Annual | L58: 2024 Adjustment | M58: 2025 Adjust | N58: =IF(N59=0,0,N59*Settings!$C$19) -> #VALUE!
B59: Sault Ste. Marie | C59: 220000 | D59: 300000 | E59: 315617 | F59: 300000 | H59: =CEILING(D59,25000) -> 300000 | I59: =IF((C59-D59)>25000,H59+25000,H59) -> 300000 | J59: =-PMT(Interest / 12, Amort * 12, Principle * C59) + Util + Tax -> #NAME? | K59: =+J59 * 12 -> #NAME? | M59: =IF(I59>H59,(L59*COLA)+Housingadj,(L59*COLA)) -> #VALUE! | N59: =IF(N60=0,0,N60*Settings!$C$19) -> #VALUE! | O59: =IF(N59=0,0,N59*#REF!) -> #VALUE!
B60: Belleville | C60: 598850 | D60: 500000 | E60: 524000 | F60: 450000 | H60: =CEILING(D60,25000) -> 500000 | I60: =IF((C60-D60)>25000,H60+25000,H60) -> 525000 | J60: =-PMT(Interest / 12, Amort * 12, Principle * C60) + Util + Tax -> #NAME? | K60: =+J60 * 12 -> #NAME? | L60: 7453 | M60: =IF(I60>H60,(L60*COLA)+Housingadj,(L60*COLA)) -> #VALUE! | N60: =IF(N61=0,0,N61*Settings!$C$19) -> #VALUE! | O60: =IF(N60=0,0,N60*#REF!) -> #VALUE!
B61: Goderich | C61: 616000 | D61: 527000 | E61: 567000 | F61: 550000 | H61: =CEILING(D61,25000) -> 550000 | I61: =IF((C61-D61)>25000,H61+25000,H61) -> 575000 | J61: =-PMT(Interest / 12, Amort * 12, Principle * C61) + Util + Tax -> #NAME? | K61: =+J61 * 12 -> #NAME? | L61: 9291 | M61: =IF(I61>H61,(L61*COLA)+Housingadj,(L61*COLA)) -> #VALUE! | N61: =IF(N62=0,0,N62*Settings!$C$19) -> #VALUE! | O61: =IF(N61=0,0,N61*#REF!) -> #VALUE!
B62: Orillia | C62: 629000 | D62: 631000 | E62: 597907 | F62: 0 | H62: =CEILING(D62,25000) -> 650000 | I62: =IF((C62-D62)>25000,H62+25000,H62) -> 650000 | J62: =-PMT(Interest / 12, Amort * 12, Principle * C62) + Util + Tax -> #NAME? | K62: =+J62 * 12 -> #NAME? | L62: 11129 | M62: =IF(I62>H62,(L62*COLA)+Housingadj,(L62*COLA)) -> #VALUE! | N62: =IF(N63=0,0,N63*Settings!$C$19) -> #VALUE! | O62: =IF(N62=0,0,N62*#REF!) -> #VALUE!
B63: Strathroy | C63: 663000 | D63: 629000 | E63: 584000 | F63: 0 | H63: =CEILING(D63,25000) -> 650000 | I63: =IF((C63-D63)>25000,H63+25000,H63) -> 675000 | J63: =-PMT(Interest / 12, Amort * 12, Principle * C63) + Util + Tax -> #NAME? | K63: =+J63 * 12 -> #NAME? | L63: 11129 | M63: =IF(I63>H63,(L63*COLA)+Housingadj,(L63*COLA)) -> #VALUE! | N63: =IF(N64=0,0,N64*Settings!$C$19) -> #VALUE! | O63: =IF(N63=0,0,N63*#REF!) -> #VALUE!
B64: Woodstock | C64: 670000 | D64: 629000 | E64: 597000 | F64: 550000 | H64: =CEILING(D64,25000) -> 650000 | I64: =IF((C64-D64)>25000,H64+25000,H64) -> 675000 | J64: =-PMT(Interest / 12, Amort * 12, Principle * C64) + Util + Tax -> #NAME? | K64: =+J64 * 12 -> #NAME? | L64: 11129 | M64: =IF(I64>H64,(L64*COLA)+Housingadj,(L64*COLA)) -> #VALUE! | N64: =IF(N65=0,0,N65*Settings!$C$19) -> #VALUE! | O64: =IF(N64=0,0,N64*#REF!) -> #VALUE!
B65: St Catharines | C65: 569000 | D65: 608000 | E65: 603000 | F65: 500000 | H65: =CEILING(D65,25000) -> 625000 | I65: =IF((C65-D65)>25000,H65+25000,H65) -> 625000 | J65: =-PMT(Interest / 12, Amort * 12, Principle * C65) + Util + Tax -> #NAME? | K65: =+J65 * 12 -> #NAME? | L65: 11027 | M65: =IF(I65>H65,(L65*COLA)+Housingadj,(L65*COLA)) -> #VALUE! | N65: =IF(N66=0,0,N66*Settings!$C$19) -> #VALUE! | O65: =IF(N65=0,0,N65*#REF!) -> #VALUE!
B66: Lindsay | C66: 650000 | D66: 685000 | E66: 619395 | F66: 525000 | H66: =CEILING(D66,25000) -> 700000 | I66: =IF((C66-D66)>25000,H66+25000,H66) -> 700000 | J66: =-PMT(Interest / 12, Amort * 12, Principle * C66) + Util + Tax -> #NAME? | K66: =+J66 * 12 -> #NAME? | L66: 12048 | M66: =IF(I66>H66,(L66*COLA)+Housingadj,(L66*COLA)) -> #VALUE! | N66: =IF(N67=0,0,N67*Settings!$C$19) -> #VALUE! | O66: =IF(N66=0,0,N66*#REF!) -> #VALUE!
B67: Windsor | C67: 519000 | D67: 535000 | E67: 616000 | F67: 475000 | H67: =CEILING(D67,25000) -> 550000 | I67: =IF((C67-D67)>25000,H67+25000,H67) -> 550000 | J67: =-PMT(Interest / 12, Amort * 12, Principle * C67) + Util + Tax -> #NAME? | K67: =+J67 * 12 -> #NAME? | L67: 11129 | M67: =IF(I67>H67,(L67*COLA)+Housingadj,(L67*COLA)) -> #VALUE! | N67: =IF(N68=0,0,N68*Settings!$C$19) -> #VALUE! | O67: =IF(N67=0,0,N67*#REF!) -> #VALUE!
B68: Montreal | C68: 670000 | D68: 671321 | E68: 671321 | F68: 500000 | H68: =CEILING(D68,25000) -> 675000 | I68: =IF((C68-D68)>25000,H68+25000,H68) -> 675000 | J68: =-PMT(Interest / 12, Amort * 12, Principle * C68) + Util + Tax -> #NAME? | K68: =+J68 * 12 -> #NAME? | L68: 12967 | M68: =IF(I68>H68,(L68*COLA)+Housingadj,(L68*COLA)) -> #VALUE! | N68: =IF(N69=0,0,N69*Settings!$C$19) -> #VALUE! | O68: =IF(N68=0,0,N68*#REF!) -> #VALUE!
B69: London | C69: 626000 | D69: 674000 | E69: 688150 | F69: 600000 | H69: =CEILING(D69,25000) -> 675000 | I69: =IF((C69-D69)>25000,H69+25000,H69) -> 675000 | J69: =-PMT(Interest / 12, Amort * 12, Principle * C69) + Util + Tax -> #NAME? | K69: =+J69 * 12 -> #NAME? | L69: 13886 | M69: =IF(I69>H69,(L69*COLA)+Housingadj,(L69*COLA)) -> #VALUE! | N69: =IF(N70=0,0,N70*Settings!$C$19) -> #VALUE! | O69: =IF(N69=0,0,N69*#REF!) -> #VALUE!
B70: Paris | C70: 637000 | D70: 746000 | E70: 704000 | F70: 650000 | H70: =CEILING(D70,25000) -> 750000 | I70: =IF((C70-D70)>25000,H70+25000,H70) -> 750000 | J70: =-PMT(Interest / 12, Amort * 12, Principle * C70) + Util + Tax -> #NAME? | K70: =+J70 * 12 -> #NAME? | L70: 15723 | M70: =IF(I70>H70,(L70*COLA)+Housingadj,(L70*COLA)) -> #VALUE! | N70: =IF(N71=0,0,N71*Settings!$C$19) -> #VALUE! | O70: =IF(N70=0,0,N70*#REF!) -> #VALUE!
B71: Markdale | C71: 534000 | D71: 577000 | E71: 646000 | F71: 500000 | H71: =CEILING(D71,25000) -> 600000 | I71: =IF((C71-D71)>25000,H71+25000,H71) -> 600000 | J71: =-PMT(Interest / 12, Amort * 12, Principle * C71) + Util + Tax -> #NAME? | K71: =+J71 * 12 -> #NAME? | L71: 15723 | M71: =IF(I71>H71,(L71*COLA)+Housingadj,(L71*COLA)) -> #VALUE! | N71: =IF(N72=0,0,N72*Settings!$C$19) -> #VALUE! | O71: =IF(N71=0,0,N71*#REF!) -> #VALUE!
... B86: Mississauga | C86: 958000 | D86: 1070000 | E86: 1110000 | F86: 1000000 | H86: =CEILING(D86,25000) -> 1075000 | I86: =IF((C86-D86)>25000,H86+25000,H86) -> 1075000 | J86: =-PMT(Interest / 12, Amort * 12, Principle * C86) + Util + Tax -> #NAME? | K86: =+J86 * 12 -> #NAME? | L86: 29609 | M86: =IF(I86>H86,(L86*COLA)+Housingadj,(L86*COLA)) -> #VALUE! | N86: =IF(N87=0,0,N87*Settings!$C$19) -> #VALUE! | O86: =IF(N86=0,0,N86*#REF!) -> #VALUE!
B87: Oakville | C87: 1077000 | D87: 1080000 | E87: 1205000 | F87: 0 | H87: =CEILING(D87,25000) -> 1100000 | I87: =IF((C87-D87)>25000,H87+25000,H87) -> 1100000 | J87: =-PMT(Interest / 12, Amort * 12, Principle * C87) + Util + Tax -> #NAME? | K87: =+J87 * 12 -> #NAME? | L87: 33285 | M87: =IF(I87>H87,(L87*COLA)+Housingadj,(L87*COLA)) -> #VALUE! | N87: =IF(M87=0,0,M87/1000) -> #VALUE! | O87: =IF(N87=0,0,N87*#REF!) -> #VALUE!
B89: Median | C89: =MEDIAN(D59:D87) -> 728000 | D89: =MEDIAN(E59:E87) -> 739000 | E89: =MEDIAN(F59:F87) -> 600000
B92: Notes:
B93: Housing costs: Used Zoocasa filtering for 3bdrm or more. Homes, up to 1800 sq ft, less than $1 million selling price (Toronto and area less than $1.25 mil), sold since Jan 1st 2025. Typically was able to average 20 most recently sold homes.
B94: Mortgage costs: Used 4 big banks, 5 yr fixed, high ratio
B95: Carrying Costs: Include Mortgage, Utilities and Property Taxes

Sheet 3 Track Record, Exp, Edn, Size
B2: FEB CENTRAL
B3: LEAD PASTOR and ASSOCIATE STAFF SALARY GUIDE
B4: Track Record, Experience, Education, and Size Adjustments
B6: Track Record & Merit | E6: Experience
B7: Sliding Scale 0 to | C7: =Settings!D62 -> 7974.912 | E7: Years 0-10 per year | F7: =Settings!D37 -> 957.44
E8: 0 Years of experience | F8: -
B9: Track Record and Merit should be assigned within the indexed range | E9: 1 year of experience | F9: 950
B10: based on past ministry effectiveness, skills, and responsibility. | E10: 2 years of experience
E11: 3 years of experience
E12: 4 years of experience
E13: 5 years of experience
E14: 6 years of experience
E15: 7 years of experience | K15: SIZE ADJUSTMENT
E16: 8 years of experience
E17: 9 years of experience | K17: Enter Amount Here: | L17: 9657
E18: 10 plus years of experience
K20: Example 1
K21: Church Size: 0-100 | L21: =Settings!D28 -> 1041
B24: TRACK RECORD ADJUSTMENT | E24: EXPERIENCE ADJUSTMENT | K24: Example 2
E25: Enter Years Here: | F25: 10 | H25: EDUCATION ADJUSTMENT | K25: Church Size: 200-400 | L25: =Settings!D30 -> 6593
B26: Enter Amount Here: | C26: 1000 | E26: Adjustment Amount Here: | F26: =IF(F25="More than 10", Settings!$D$37*10, Settings!$D$37*F25) -> 9574.4
H27: Enter Amount Here: | I27: 2907
K28: Example 3
B29: Example 1 | E29: Example 1 | K29: Church Size: 400-800 | L29: =Settings!D31 -> 9889
B30: Track Record & Merit: Average | C30: 2500 | D30: =(Settings!D37) -> 957.44 | E30: Experience: 5 yrs 5X | F30: =(Settings!D37) -> 957.44 | H30: Example 1
E31: =(#REF!) -> #REF! | F31: =5*Settings!D37 -> 4787.2 | H31: Education: Bachelors | I31: =Settings!D56 -> 1489
K32: Example 4
B33: Example 2 | E33: Example 2 | K33: Church Size: 800-1200 | L33: =Settings!D32 -> 13185
B34: Track Record & Merit: Good | C34: 5000 | D34: =(Settings!D37) -> 957.44 | E34: Experience: 4 yrs 4X | F34: =(Settings!D37) -> 957.44 | H34: Example 2
E35: =(#REF!) -> #REF! | F35: =4*Settings!D37 -> 3829.76 | H35: Education: Masters | I35: =Settings!D57 -> 2977
B37: Example 3 | E37: Example 3
B38: Track Record & Merit: Excellent | C38: =Settings!D62 -> 7974.912 | D38: =(Settings!D37) -> 957.44 | E38: Experience: 10 yrs 10X | F38: =(Settings!D37) -> 957.44 | H38: Example 3
E39: =(#REF!) -> #REF! | F39: =10*Settings!D37 -> 9574.4 | H39: Education: Doctorate | I39: =Settings!D58 -> 4466
B41: Example 4 | E41: Example 4
B42: Track Record & Merit: New guy with no experience | C42: 0 | D42: =(Settings!D37) -> 957.44 | E42: Experience: 20 yrs capped at 10X | F42: =(Settings!D37) -> 957.44 | H42: Example 4
E43: =(#REF!) -> #REF! | F43: =10*Settings!D37 -> 9574.4 | H43: Education: none | I43: 0
B44: Note: The indexed merit range gives churches the opportunity to reward | H44: -no completed theological degree
B45: quality work while keeping the range aligned annually with COLA.
B46: A church may start a staff member in the middle of the range
B47: to recognize past merit, then move them higher after a strong year
B48: and/or for added responsibility.

Sheet Examples
B2: FEB CENTRAL SALARY GUIDE
B4: Salary Calculation Examples
B6: The following examples illustrate how salaries are calculated for different scenarios.
B8: Example 1 - Lead Pastor, Church of 90 in Mississauga | E8: Example 2 - Youth Pastor, Church of 350 in Guelph | H8: Example 3 - Discipleship Pastor, Church of 250 in London
B9: Base Amount: | C9: =Settings!D24 -> 59757 | E9: Base Amount: | F9: =Settings!D24 -> 59757 | H9: Base Amount: | I9: =Settings!D24 -> 59757
B10: Housing Adjustment: Mississauga | C10: =_xlfn.XLOOKUP("Mississauga",tblHousing_New[Community],tblHousing_New[Current Year]) -> 30835 | E10: Housing Adjustment: Guelph | F10: =_xlfn.XLOOKUP("Guelph",tblHousing_New[Community],tblHousing_New[Current Year]) -> 21159 | H10: Housing Adjustment: London | I10: =_xlfn.XLOOKUP("London",tblHousing_New[Community],tblHousing_New[Current Year]) -> 14461
B11: Experience: 5 years | C11: =Settings!D46 -> 4787.2 | E11: Experience: 4 years | F11: =Settings!D45 -> 3829.76 | H11: Experience: 10 years | I11: =Settings!D51 -> 9574.4
B12: Education: Bachelors | C12: =Settings!D56 -> 1489 | E12: Education: Masters | F12: =Settings!D57 -> 2977 | H12: Education: Doctorate | I12: =Settings!D58 -> 4466
B13: Church Size: 0-100 | C13: =Settings!D28 -> 1041 | E13: Church Size: 200-400 | F13: =Settings!D30 -> 6593 | H13: Church Size: 200-400 | I13: =Settings!D30 -> 6593
B14: Level: Lead Pastor | E14: Level: Junior Associate | H14: Level: Middle Associate
B16: Example 1 Salary Range: | C16: =SUM(C9:C13)*Settings!$C$66 -> 97909.2 | E16: Example 2 Salary Range: | F16: =SUM(F9:F13)*Settings!$C$69 -> 73566.293 | H16: Example 3 Salary Range: | I16: =SUM(I9:I13)*Settings!$C$68 -> 80623.69
B17: Range Maximum: | C17: =C16+Settings!$D$62 -> 105884.11 | E17: Range Maximum: | F17: =F16+Settings!$D$62 -> 81541.205 | H17: Range Maximum: | I17: =I16+Settings!$D$62 -> 88598.602
C18: Plus Recommended Benefits | F18: Plus Recommended Benefits | I18: Plus Recommended Benefits
B20: Example 4 - Executive Pastor, Church of 750 in Ottawa | E20: Example 5 - Lead Pastor, Church of 150 in Montreal
B21: Base Amount: | C21: =Settings!D24 -> 59757 | E21: Base Amount: | F21: =Settings!D24 -> 59757
B22: Housing Adjustment: Ottawa | C22: =_xlfn.XLOOKUP("Ottawa",tblHousing_New[Community],tblHousing_New[Current Year]) -> 17331 | E22: Housing Adjustment: Montreal | F22: =_xlfn.XLOOKUP("Montreal QC",tblHousing_New[Community],tblHousing_New[Current Year]) -> 14461
B23: Experience: 20 years | C23: =Settings!D51 -> 9574.4 | E23: Experience: 3 years | F23: =Settings!D44 -> 2872.32
B24: Education: Masters | C24: =Settings!D57 -> 2977 | E24: Education: Masters | F24: =Settings!D57 -> 2977
B25: Church Size: 400-800 | C25: =Settings!D31 -> 9889 | E25: Church Size: 100-200 | F25: =Settings!D29 -> 3296
B26: Level: Senior Associate | E26: Level: Lead Pastor
B28: Example 4 Salary Range: | C28: =SUM(C21:C25)*Settings!$C$67 -> 92561.412 | E28: Example 5 Salary Range: | F28: =SUM(F21:F25)*Settings!$C$66 -> 83363.32
B29: Range Maximum: | C29: =C28+Settings!$D$62 -> 100536.32 | E29: Range Maximum: | F29: =F28+Settings!$D$62 -> 91338.232
C30: Plus Recommended Benefits | F30: Plus Recommended Benefits
B33: Notes:
B34: • All values are calculated using formulas that reference the Settings sheet.
B35: • When COLA % is updated on the Settings sheet, both calculated salary minimums and the salary range update automatically.
B36: • Lead Pastor salaries use 100% of the calculated amount.
B37: • Senior Associate = 93%, Middle Associate = 85%, Junior Associate = 78%, Pre-Associate = 70%
B38: • Salary ranges run from the calculated minimum to the minimum plus the indexed range amount set on the Settings sheet

Sheet Living Wage
B2: FEB CENTRAL SALARY GUIDE
B4: Adminstrative and Support Compensation
B6: Living wage region | C6: 2024 | D6: 2025 | E6: $ change | F6: % change
B8: Greater Toronto Area | C8: 26 | D8: 27.2 | E8: 1.2 | F8: 0.046
B9: Bruce Grey Huron Perth Simcoe | C9: 23.05 | D9: 24.6 | E9: 1.55 | F9: 0.067
B10: Ottawa | C10: 22.8 | D10: 23.4 | E10: 0.6 | F10: 0.026
B11: Dufferin Guelph Wellington Waterloo | C11: 21.3 | D11: 23 | E11: 1.7 | F11: 0.08
B12: Hamilton | C12: 21.3 | D12: 22.6 | E12: 1.3 | F12: 0.061
B13: East | C13: 21.65 | D13: 22.2 | E13: 0.55 | F13: 0.025
B14: Southwest | C14: 19.85 | D14: 21.5 | E14: 1.65 | F14: 0.083
B15: Brant Haldimand Norfolk Niagara | C15: 20.9 | D15: 21.4 | E15: 0.5 | F15: 0.024
B16: North | C16: 20.3 | D16: 21.1 | E16: 0.8 | F16: 0.039
B17: London Elgin Oxford | C17: 19.5 | D17: 21.05 | E17: 1.55 | F17: 0.079
B19: What region is my church located in? | D19: Living Wage Ontario map
D20: Updates November of each year
B22: The Living Wage suggests a starting hourly wage that could be used by churches as they consider wages for administrative staff.
B23: The Living Wage does not take into account level of responsiblity, tenure and education.

Sheet Clergy Residence Deduction
B2: FEB CENTRAL SALARY GUIDE
B4: CRA Clergy Residence Deduction
B5: Information for FEB Central Churches and Clergy (as defined by CRA)
B7: WHAT IS IT?
B8: Our intention is to care for our church staff by making both the Elders/Deacons Board and staff aware of the tax benefit available to them. The Clergy Residence Deduction is a tax benefit available to eligible clergy members in Canada. It allows qualifying individuals to deduct housing-related expenses from their taxable income, reducing their overall tax burden. We would encourage you to explore eligibility beyond what we normally understand as clergy.
B9: Interpretation Bulletin (especially helpful in defining Eligibility)
B11: WHO QUALIFIES?
B12: To be eligible, you must be employed full-time as someone who is:
B13: • A member of the clergy OR
B14: • A regular minister of a religious denomination OR
B15: • A member of a religious order
B17: AND you must be:
... B53: Disclaimer: This information is provided as a general guide only. Please consult with a qualified tax professional or the CRA directly for advice specific to your situation.

Sheet Notes 2027
B2: FEB CENTRAL SALARY GUIDE
B4: Notes for 2027
B6: The Salary Guide Team's Purpose Statement is:
B8: We appreciate your prayers in fulfilling this purpose.
B10: We used a 2.4% COLA (Cost of Living Adjustment) as a general guideline for base salary and all indexed adjustment increases, based on August 2026 Statistics Canada Ontario CPI data. The salary range is also indexed annually.
B13: We have simplified the setup by moving all entries to the front page and using dropdown menues.
B15: We changed the approach to the Merit section and instead provided a Salary Range or Band.
B17: We added a Clergy Residence Deduction information sheet to help churches and staff.
B19: We continue to offer a tab called "Living Wage" to offer assistance for churches in considering a starting or base wage for support staff.
B21: This guide was completed by a Salary Guide Team made up of leaders from across FEB Central.
B22: We welcome your questions and input. We review suggestions and consider them for updates to future editions of the Salary Guide.
B23: =HYPERLINK("mailto:churchvitality@febcentral.ca?subject=Staff Salary Guide", "Click here to email FEB Central Church Vitality") -> Click here to email FEB Central Church Vitality

Sheet Settings
B2: FEB CENTRAL SALARY GUIDE
B4: Settings
B6: 📋 DOCUMENTATION
B7: This sheet consolidates all salary calculation variables into one location.
B9: HOW IT WORKS:
B10: • Change the COLA % (Cell C16) to update base salary and indexed adjustments automatically
B11: • Base Year values are fixed reference points (2026 published values)
B12: • Current Year = Base Year × (1 + COLA%) for all salary components
B13: • YoY Change shows the dollar difference from prior year
B14: MAINTENANCE: Update COLA annually to update all salary components
B16: ⚙️ COLA CONTROL
B17: Setting | C17: Value | D17: Description
B18: COLA (Cost of Living Adjustment) | C18: 0.024 | D18: Based on Statistics Canada Ontario CPI | E18: ⬅️ CHANGE THIS CELL ANNUALLY
B19: COLA Factor (1 + COLA%) | C19: =1+C18 -> 1.024 | D19: Multiplier applied to base salary and indexed adjustments only
B20: Prior Year COLA (reference) | C20: 0.017 | D20: 2026 guide used 1.7% COLA | F20: ⬅️ CHANGE THIS CELL ANNUALLY
B22: 💰 BASE SALARY
B23: Item | C23: Base Year (2026) | D23: Current Year | E23: YoY Change | F23: Notes
B24: Base Amount | C24: 58356 | D24: =ROUND(C24*$C$19,0) -> 59757 | E24: =D24-C24 -> 1401 | F24: Starting point for all salary calculations
B26: 🏛️ CHURCH SIZE ADJUSTMENTS
B27: Church Size | C27: Base Year (2026) | D27: Current Year | E27: YoY Change | F27: Display Label
B28: 0-100 | C28: 1017 | D28: =ROUND(C28*$C$19,0) -> 1041 | E28: =D28-C28 -> 24 | F28: Church Size 0-100
B29: 100-200 | C29: 3219 | D29: =ROUND(C29*$C$19,0) -> 3296 | E29: =D29-C29 -> 77 | F29: Church Size 100-200
B30: 200-400 | C30: 6438 | D30: =ROUND(C30*$C$19,0) -> 6593 | E30: =D30-C30 -> 155 | F30: Church Size 200-400
B31: 400-800 | C31: 9657 | D31: =ROUND(C31*$C$19,0) -> 9889 | E31: =D31-C31 -> 232 | F31: Church Size 400-800
B32: 800-1200 | C32: 12876 | D32: =ROUND(C32*$C$19,0) -> 13185 | E32: =D32-C32 -> 309 | F32: Church Size 800-1200
B33: 1200+ | C33: 16095 | D33: =ROUND(C33*$C$19,0) -> 16481 | E33: =D33-C33 -> 386 | F33: Church Size 1200+
B35: 📅 EXPERIENCE ADJUSTMENTS
B36: Per Year Rate | C36: Base Year (2026) | D36: Current Year | E36: YoY Change | F36: Notes
B37: Years 0-10 (per year) | C37: 935 | D37: =ROUND(C37*$C$19,2) -> 957.44 | E37: =D37-C37 -> 22.44 | F37: Multiplied by years of experience (capped at 10)
B39: Experience Lookup Table
B40: Years | C40: Base Year | D40: Current Year | E40: Display Label
B41: 0 | C41: =$C$37*B41 -> 0 | D41: =$D$37*B41 -> 0 | E41: 0 Years of experience
B42: 1 | C42: =$C$37*B42 -> 935 | D42: =$D$37*B42 -> 957.44 | E42: 1 year of experience
B43: 2 | C43: =$C$37*B43 -> 1870 | D43: =$D$37*B43 -> 1914.88 | E43: 2 years of experience
B44: 3 | C44: =$C$37*B44 -> 2805 | D44: =$D$37*B44 -> 2872.32 | E44: 3 years of experience
B45: 4 | C45: =$C$37*B45 -> 3740 | D45: =$D$37*B45 -> 3829.76 | E45: 4 years of experience
B46: 5 | C46: =$C$37*B46 -> 4675 | D46: =$D$37*B46 -> 4787.2 | E46: 5 years of experience
B47: 6 | C47: =$C$37*B47 -> 5610 | D47: =$D$37*B47 -> 5744.64 | E47: 6 years of experience
B48: 7 | C48: =$C$37*B48 -> 6545 | D48: =$D$37*B48 -> 6702.08 | E48: 7 years of experience
B49: 8 | C49: =$C$37*B49 -> 7480 | D49: =$D$37*B49 -> 7659.52 | E49: 8 years of experience
B50: 9 | C50: =$C$37*B50 -> 8415 | D50: =$D$37*B50 -> 8616.96 | E50: 9 years of experience
B51: 10 | C51: =$C$37*B51 -> 9350 | D51: =$D$37*B51 -> 9574.4 | E51: 10 plus years of experience
B53: 🎓 EDUCATION ADJUSTMENTS
B54: Education Level | C54: Base Year (2026) | D54: Current Year | E54: YoY Change | F54: Display Label
B55: No Theological degree | C55: 0 | D55: =ROUND(C55*$C$19,0) -> 0 | E55: =D55-C55 -> 0 | F55: No Theological degree
B56: Bachelors | C56: 1454 | D56: =ROUND(C56*$C$19,0) -> 1489 | E56: =D56-C56 -> 35 | F56: Bachelors
B57: Masters | C57: 2907 | D57: =ROUND(C57*$C$19,0) -> 2977 | E57: =D57-C57 -> 70 | F57: Masters
B58: Doctorate | C58: 4361 | D58: =ROUND(C58*$C$19,0) -> 4466 | E58: =D58-C58 -> 105 | F58: Doctorate
B60: ⭐ SALARY RANGE
B61: Item | C61: Base Year (2026) | D61: Current Year (Indexed) | E61: YoY Change | F61: Notes
B62: Maximum Salary Range | C62: 7788 | D62: =C62*$C$19 -> 7974.912 | E62: =D62-C62 -> 186.912 | F62: Indexed $0-to-max salary range; adjusted annually by COLA.
B64: 👥 STAFF LEVEL PERCENTAGES
B65: Staff Level | C65: Percentage of Calculated Salary | D65: Notes
B66: Lead Pastor | C66: 1 | D66: Full calculated salary
B67: Senior Associate | C67: 0.93 | D67: 93% of calculated salary
B68: Middle Associate | C68: 0.85 | D68: 85% of calculated salary
B69: Junior Associate | C69: 0.78 | D69: 78% of calculated salary
B70: Pre-Associate | C70: 0.7 | D70: 70% of calculated salary
B71: 1200+ Lead Pastor Premium | C71: 1.09 | D71: Applied to Lead Pastor salary when church size is 1200+
B73: 🏠 HOUSING ADJUSTMENTS BY COMMUNITY
B74: Housing amounts are no longer tied to actual housing expenses or current market rental rates. Rather, they are based on the relative cost of housing between locations. The figures are intended to reflect the comparative differences in housing costs from one area to another while maintaining a consistent framework across the salary guide.
B75: Community | C75: Base Year (2026) | D75: Current Year | E75: YoY Change | F75: Notes
B76: Ajax | C76: 23467 | D76: =ROUND(C76*$C$19,0) -> 24030 | E76: =D76-C76 -> 563
B77: Barrie | C77: 17860 | D77: =ROUND(C77*$C$19,0) -> 18289 | E77: =D77-C77 -> 429
B78: Belleville | C78: 8530 | D78: =ROUND(C78*$C$19,0) -> 8735 | E78: =D78-C78 -> 205
B79: Brantford | C79: 15990 | D79: =ROUND(C79*$C$19,0) -> 16374 | E79: =D79-C79 -> 384
B80: Brownsburg-Chatham QC | C80: 14122 | D80: =ROUND(C80*$C$19,0) -> 14461 | E80: =D80-C80 -> 339 | F80: London comparable
B81: Burlington | C81: 25336 | D81: =ROUND(C81*$C$19,0) -> 25944 | E81: =D81-C81 -> 608
B82: Cambridge & KW | C82: 15990 | D82: =ROUND(C82*$C$19,0) -> 16374 | E82: =D82-C82 -> 384
B83: Fergus | C83: 17860 | D83: =ROUND(C83*$C$19,0) -> 18289 | E83: =D83-C83 -> 429
B84: Goderich | C84: 10399 | D84: =ROUND(C84*$C$19,0) -> 10649 | E84: =D84-C84 -> 250
B85: Guelph | C85: 20663 | D85: =ROUND(C85*$C$19,0) -> 21159 | E85: =D85-C85 -> 496
B86: Hamilton | C86: 15990 | D86: =ROUND(C86*$C$19,0) -> 16374 | E86: =D86-C86 -> 384
B87: Huntsville | C87: 16925 | D87: =ROUND(C87*$C$19,0) -> 17331 | E87: =D87-C87 -> 406
B88: Lindsay | C88: 12253 | D88: =ROUND(C88*$C$19,0) -> 12547 | E88: =D88-C88 -> 294
B89: London | C89: 14122 | D89: =ROUND(C89*$C$19,0) -> 14461 | E89: =D89-C89 -> 339
B90: Markdale | C90: 15990 | D90: =ROUND(C90*$C$19,0) -> 16374 | E90: =D90-C90 -> 384
B91: Mississauga | C91: 30112 | D91: =ROUND(C91*$C$19,0) -> 30835 | E91: =D91-C91 -> 723
B92: Montreal QC | C92: 14122 | D92: =ROUND(C92*$C$19,0) -> 14461 | E92: =D92-C92 -> 339 | F92: London comparable
B93: Oakville | C93: 33851 | D93: =ROUND(C93*$C$19,0) -> 34663 | E93: =D93-C93 -> 812
B94: Orillia | C94: 11318 | D94: =ROUND(C94*$C$19,0) -> 11590 | E94: =D94-C94 -> 272
B95: Oshawa | C95: 20663 | D95: =ROUND(C95*$C$19,0) -> 21159 | E95: =D95-C95 -> 496
B96: Ottawa | C96: 16925 | D96: =ROUND(C96*$C$19,0) -> 17331 | E96: =D96-C96 -> 406
B97: Paris | C97: 15990 | D97: =ROUND(C97*$C$19,0) -> 16374 | E97: =D97-C97 -> 384
B98: Sault Ste. Marie | C98: 1000 | D98: =ROUND(C98*$C$19,0) -> 1024 | E98: =D98-C98 -> 24
B99: Sherbrooke QC | C99: 8530 | D99: =ROUND(C99*$C$19,0) -> 8735 | E99: =D99-C99 -> 205 | F99: Belleville comparable
B100: St Catharines | C100: 11214 | D100: =ROUND(C100*$C$19,0) -> 11483 | E100: =D100-C100 -> 269
B101: Strathroy | C101: 12269 | D101: =ROUND(C101*$C$19,0) -> 12563 | E101: =D101-C101 -> 294
B102: Toronto Etobicoke | C102: 28243 | D102: =ROUND(C102*$C$19,0) -> 28921 | E102: =D102-C102 -> 678
B103: Toronto Scarborough | C103: 30112 | D103: =ROUND(C103*$C$19,0) -> 30835 | E103: =D103-C103 -> 723
B104: Whitby | C104: 22533 | D104: =ROUND(C104*$C$19,0) -> 23074 | E104: =D104-C104 -> 541
B105: Windsor | C105: 11318 | D105: =ROUND(C105*$C$19,0) -> 11590 | E105: =D105-C105 -> 272
B106: Woodstock | C106: 12269 | D106: =ROUND(C106*$C$19,0) -> 12563 | E106: =D106-C106 -> 294
B108: 📋 BENEFITS GUIDELINES (Reference)
B109: Benefit | C109: Guideline
B110: RRSP | C110: Church contributes 5% of salary
B111: Health | C111: Church covers Fellowship Health Plan
B112: Personal Development (Associate) | C112: 2-3% of salary
B113: Personal Development (Lead) | C113: 3-4% of salary
B114: Holidays | C114: 3-5 weeks annually
...
